Map: Lost and Found LE

Players

Cure - Winner!

  • Race: Terran Terran
  • League: Master
  • Spawn Location: 1:00

Harstem

  • Race: Protoss Protoss
  • League: Master
  • Spawn Location: 7:00

Event: HomeStory Cup XVIII

VOD

Have the link to the VOD?

Description

Time

  • Played on: Nov. 22, 2018, 1:22 p.m.
  • Length: 19:21

All games in this series

Show
View Real Time Build Order
Export as new Build Order

Cure Terran - Winner!

Build Orders: Reaper Expand 

Get SALT Encoding   

  12  0:00  SCV  
  13  0:12  SCV  
  14  0:17  Supply Depot  
  14  0:24  SCV  
  15  0:38  SCV  
  15  0:40  Barracks  
  16  0:43  Refinery  
  16  0:50  SCV  
  17  1:02  SCV  
  18  1:14  SCV  
  19  1:29  Reaper, Orbital Command  
  20  1:43  Command Center  
  20  1:51  Supply Depot  
  20  1:55  SCV  
  20  1:59  Refinery  
  21  2:01  Reaper  
  21  2:07  SCV  
  23  2:19  SCV  
  23  2:20  Factory  
  24  2:30  Barracks  
  24  2:31  SCV  
  24  2:34  Barracks Reactor  
  24  2:35  Barracks Tech Lab  
  25  2:43  SCV  
  26  2:51  Barracks  
  26  2:56  SCV  
  26  2:57  Orbital Command  
  27  3:05  Barracks Reactor  
  27  3:08  SCV  
  27  3:11  Cyclone  
  31  3:20  Barracks Tech Lab, SCV  
  31  3:21  Mag-Field Accelerator  
  31  3:24  SCV  
  33  3:32  SCV  
  34  3:36  SCV  
  35  3:44  Marine, SCV  
  35  3:45  Marine x2  
  35  3:46  Stimpack  
  35  3:48  SCV  
  40  3:49  Marine  
  40  3:53  Supply Depot  
  40  3:56  SCV  
  40  3:57  Cyclone  
  40  4:00  SCV  
  40  4:01  Bunker  
  45  4:06  Marine  
  46  4:14  Supply Depot, Marine x3  
  46  4:15  SCV x2  
  51  4:21  Supply Depot  
  51  4:27  SCV x2  
  51  4:28  Marine  
  53  4:32  Marine  
  53  4:36  Marine  
  53  4:38  Engineering Bay  
  55  4:39  SCV x2  
  55  4:45  Supply Depot  
  57  4:49  Starport, Marine x2  
  57  4:50  Marine  
  57  4:51  Factory Reactor, Combat Shield, SCV x2  
  62  4:57  Refinery  
  62  5:03  SCV x2  
  62  5:06  Marine x3  
  65  5:08  Marine  
  65  5:13  Terran Infantry Weapons Level 1  
  64  5:15  SCV x2  
  64  5:17  Supply Depot x2  
  66  5:24  Marine x2  
  66  5:25  Marauder  
  66  5:26  Marauder  
  71  5:41  Medivac x2  
  74  5:44  Marine x2  
  74  5:48  Marauder x2  
  80  5:50  Missile Turret  
  80  5:53  Factory Reactor  
  80  5:54  Supply Depot  
  80  5:56  SCV  
  81  5:57  SCV  
  82  6:05  Command Center  
  82  6:07  Marine  
  82  6:08  Marine  
  82  6:09  Marauder x2, Concussive Shells  
  88  6:18  Barracks  
  88  6:19  SCV x2, Refinery, Barracks  
  88  6:24  Supply Depot  
  90  6:30  Marine  
  90  6:31  Marine, Marauder x2  
  96  6:36  SCV x2  
  96  6:48  Marine x2, SCV x2  
  96  6:50  Medivac  
  96  6:52  Widow Mine x2, Marauder, Medivac  
  110  7:06  Supply Depot, Barracks Reactor, Barracks Tech Lab  
  110  7:07  Supply Depot  
  110  7:08  Supply Depot  
  110  7:16  Terran Infantry Armor Level 1  
  110  7:27  Marine x2  
  110  7:28  Widow Mine x2, Marauder, SCV x2  
  110  7:29  Marauder x2  
  124  7:40  Liberator, Orbital Command  
  124  7:41  Liberator, SCV x2  
  124  7:42  Marine  
  126  7:45  Marine  
  126  7:49  Marauder  
  126  7:50  Marauder x2  
  128  7:54  SCV x2  
  128  7:58  Refinery  
  134  7:59  Refinery  
  134  8:05  SCV  
  134  8:06  SCV x2  
  137  8:14  Marine x3, Marauder  
  137  8:15  Marauder x2  
  137  8:16  Marine  
  137  8:18  SCV x2  
  147  8:28  SCV  
  147  8:30  SCV  
  147  8:31  SCV  
  147  8:39  Marine, Marauder x3  
  147  8:41  Marine  
  149  8:47  Marine x2  
  141  8:56  SCV x3  
  141  9:00  Marauder x3  
  136  9:02  Marine x2  
  136  9:05  Marine x2  
  131  9:17  SCV  
  131  9:18  SCV x2  
  131  9:22  Marauder x2  
  131  9:23  Medivac  
  138  9:24  Medivac  
  138  9:29  SCV  
  138  9:30  SCV x2  
  138  9:35  Factory Tech Lab  
  138  9:37  Starport, Liberator x2  
  136  9:42  SCV x3  
  139  9:54  SCV x3  
  148  10:01  Sensor Tower  
  148  10:06  SCV  
  149  10:09  Supply Depot  
  149  10:10  Supply Depot x2  
  149  10:17  Liberator, SCV  
  149  10:19  Liberator, Fusion Core, SCV  
  149  10:20  Liberator  
  149  10:25  SCV  
  145  10:29  SCV  
  145  10:31  SCV  
  149  10:38  SCV  
  149  10:41  SCV  
  157  10:42  Missile Turret  
  157  10:45  Command Center  
  157  10:48  SCV  
  157  10:50  SCV  
  157  10:53  SCV  
  159  11:02  Marauder x2  
  159  11:03  Marauder, Marine x2  
  159  11:04  Marine x2  
  144  11:15  Advanced Ballistics  
  144  11:16  Liberator x3  
  142  11:27  Marine x4, Marauder x2  
  142  11:28  Marauder  
  142  11:30  SCV  
  142  11:31  SCV x2  
  162  11:41  Armory, Engineering Bay  
  162  11:44  SCV x3  
  165  11:53  Missile Turret x2, Marauder x2  
  165  11:54  Marauder  
  171  11:59  Liberator x3  
  171  12:02  SCV x3  
  174  12:18  Refinery  
  174  12:19  Planetary Fortress  
  174  12:20  SCV x3  
  174  12:21  Refinery  
  186  12:31  Terran Infantry Armor Level 2, Terran Infantry Weapons Level 2  
  186  12:35  SCV x2  
  188  12:38  Supply Depot  
  188  12:40  Supply Depot, Terran Ship Weapons Level 1  
  188  12:42  SCV  
  181  12:49  Marauder x3  
  187  12:55  Marine  
  188  12:59  Marine x3  
  188  13:02  Supply Depot  
  188  13:03  Barracks  
  188  13:04  Barracks  
  188  13:05  Liberator x2  
  189  13:06  Barracks  
  186  13:14  Marine, Marauder, Liberator  
  186  13:15  Marauder x2  
  186  13:17  Marine x3  
  189  13:26  SCV x4  
  199  13:35  Starport  
  199  14:07  Viking x2  
  199  14:16  Viking  
  199  14:17  Viking  
  188  14:19  Marauder, Starport Reactor  
  188  14:20  Marauder x2  
  188  14:23  Marine x4  
  182  14:37  Viking x2, Command Center  
  186  14:41  Marauder  
  183  14:46  Viking  
  183  14:47  Terran Infantry Weapons Level 3, Viking  
  183  14:48  Terran Infantry Armor Level 3  
  183  14:52  Terran Ship Weapons Level 2  
  187  14:56  Viking  
  187  14:57  Viking  
  187  15:07  Viking  
  187  15:11  Viking  
  190  15:16  Viking  
  190  15:17  Viking  
  189  15:26  Viking  
  189  15:27  Viking  
  188  15:37  Viking  
  188  15:41  Viking  
  192  15:44  Marine x2  
  192  15:45  Marauder x3  
  200  15:59  Viking  
  200  16:03  Ghost Academy, Barracks Reactor, Barracks Tech Lab x2  
  192  16:06  Marauder  
  177  16:19  Viking  
  177  16:20  Viking x3  
  187  16:27  Missile Turret  
  187  16:33  Planetary Fortress, Ghost x2  
  187  16:38  Medivac  
  193  16:40  Medivac  
  193  16:45  Sensor Tower  
  190  16:49  Missile Turret, Medivac  
  190  16:50  Missile Turret, Medivac  
  193  16:57  SCV x3  
  193  16:59  Missile Turret  
  195  17:03  Ghost x2  
  195  17:09  Ghost x2  
  195  17:12  Liberator  
  190  17:20  Medivac x2  
  190  17:21  Medivac x2  
  193  17:49  Ghost  
  193  17:50  Ghost  
  195  18:03  Viking x3  
  186  18:17  Medivac  
  186  18:18  Medivac  
  179  18:28  Marine x4, Marauder x4  
  179  18:31  Marine x2  
  179  18:32  Marauder  
  195  18:45  Marine x2  
  195  18:46  Marine x2  
  196  18:49  Marine x2, Marauder  
  199  18:58  Marine x2  
  199  18:59  Marauder x2  
  192  19:03  Marine x4  
  199  19:16  Command Center  
  200  19:18  Refinery  
  200  19:19  Refinery  
Show
View Real Time Build Order
Export as new Build Order

Harstem Protoss 

Build Orders: 1 Gate Expand, Oracle Opening 

Get SALT Encoding   

  12  0:00  Probe  
  13  0:12  Probe  
  14  0:18  Pylon  
  14  0:24  Probe  
  15  0:32  Probe  
  15  0:37  Gateway  
  15  0:40  Probe  
  16  0:48  Assimilator  
  17  0:51  Probe  
  18  1:03  Probe  
  19  1:15  Probe  
  20  1:22  Nexus  
  20  1:32  Cybernetics Core  
  20  1:34  Probe  
  21  1:40  Assimilator  
  21  1:47  Probe  
  22  1:50  Pylon  
  22  1:59  Adept, Probe  
  23  2:11  Probe  
  26  2:20  Stargate  
  26  2:23  Probe  
  26  2:26  Adept  
  29  2:32  Probe x2  
  29  2:35  Warp Gate  
  31  2:40  Probe x2  
  31  2:49  Probe  
  31  2:50  Probe  
  33  2:54  Oracle  
  35  3:01  Probe  
  35  3:02  Probe  
  40  3:13  Probe  
  40  3:14  Probe  
  40  3:17  Gateway  
  40  3:19  Gateway  
  42  3:24  Pylon  
  42  3:25  Probe  
  42  3:27  Probe  
  42  3:29  Oracle  
  46  3:42  Probe  
  47  3:50  Probe  
  47  3:54  Probe  
  49  3:58  Pylon, Oracle  
  49  4:02  Probe  
  50  4:04  Nexus  
  50  4:07  Probe  
  50  4:09  Pylon  
  54  4:16  Pylon  
  54  4:19  Probe  
  55  4:28  Probe  
  55  4:30  Assimilator  
  56  4:31  Probe  
  56  4:32  Assimilator  
  56  4:33  Forge  
  56  4:35  Twilight Council  
  56  4:37  Stalker  
  59  4:40  Zealot  
  59  4:42  Probe  
  59  4:44  Probe  
  63  4:47  Stalker  
  65  4:53  Pylon  
  65  4:54  Probe  
  65  4:56  Probe  
  67  5:00  Resonating Glaives  
  67  5:03  Protoss Ground Weapons Level 1  
  67  5:05  Probe  
  68  5:09  Probe  
  68  5:10  Stalker x2  
  68  5:11  Stalker  
  68  5:13  Probe  
  69  5:17  Gateway, Probe  
  69  5:18  Probe  
  69  5:21  Probe  
  71  5:27  Probe  
  73  5:30  Probe  
  73  5:32  Probe  
  76  5:40  Probe  
  76  5:41  Sentry  
  80  5:45  Gateway  
  80  5:46  Probe  
  80  5:47  Gateway x2  
  80  5:49  Gateway, Probe  
  81  5:52  Robotics Facility  
  81  5:53  Probe  
  82  5:59  Sentry  
  82  6:00  Adept  
  82  6:01  Probe  
  87  6:04  Shield Battery, Pylon  
  87  6:08  Adept  
  89  6:14  Adept  
  91  6:20  Shield Battery, Pylon  
  91  6:21  Shield Battery  
  91  6:22  Photon Cannon  
  91  6:23  Sentry  
  91  6:24  Adept  
  95  6:27  Probe  
  96  6:34  Oracle  
  96  6:37  Adept x2  
  96  6:38  Probe, Immortal  
  104  6:40  Adept  
  104  6:43  Probe  
  104  6:45  Probe  
  104  6:46  Assimilator  
  106  6:50  Probe  
  106  6:51  Assimilator  
  106  6:52  Pylon  
  111  6:55  Adept x3  
  111  6:58  Pylon  
  117  7:05  Adept  
  117  7:08  Pylon, Probe  
  116  7:11  Probe  
  116  7:14  Shield Battery, Photon Cannon, Probe  
  119  7:17  Pylon, Adept  
  121  7:23  Adept x3  
  121  7:24  Adept x2  
  129  7:34  Stalker x2  
  129  7:35  Immortal  
  129  7:36  Protoss Ground Armor Level 1  
  131  7:40  Pylon, Adept  
  133  7:49  Forge  
  137  7:56  Adept x2  
  137  7:57  Oracle  
  137  7:58  Adept  
  139  7:59  Adept  
  139  8:02  Pylon  
  139  8:03  Adept x2  
  139  8:04  Pylon  
  143  8:14  Protoss Ground Weapons Level 2  
  143  8:17  Probe x2  
  143  8:20  Adept  
  143  8:22  Photon Cannon  
  143  8:24  Pylon  
  145  8:28  Blink  
  145  8:31  Adept x4  
  145  8:32  Adept x2  
  155  8:39  Adept  
  155  8:41  Adept  
  152  8:48  Probe  
  152  8:55  Adept x6  
  142  8:58  Immortal  
  140  9:06  Adept x2  
  144  9:15  Adept x2  
  147  9:18  Stalker x3  
  147  9:19  Protoss Ground Armor Level 2  
  148  9:30  Probe  
  148  9:31  Warp Prism, Adept x2  
  147  9:32  Adept  
  147  9:36  Photon Cannon  
  151  9:42  Adept  
  151  9:45  Stalker  
  151  9:50  Adept x3  
  157  9:57  Pylon  
  157  9:58  Pylon  
  157  9:59  Stalker  
  159  10:18  Probe  
  159  10:19  Warp Prism  
  160  10:22  Robotics Bay, Robotics Facility  
  160  10:27  Nexus  
  156  10:29  Pylon  
  152  10:36  Adept x4  
  152  10:39  Protoss Ground Weapons Level 3  
  160  10:43  Probe  
  161  10:58  Adept x6  
  173  11:07  Colossus  
  153  11:26  Probe  
  153  11:27  Shield Battery  
  153  11:28  Photon Cannon  
  153  11:29  Fleet Beacon  
  153  11:32  Stargate  
  146  11:34  Sentry  
  146  11:36  Adept x4  
  156  11:42  Probe  
  156  11:43  Colossus, Assimilator  
  156  11:45  Assimilator  
  163  11:55  Pylon  
  163  12:01  Pylon  
  163  12:08  Protoss Ground Armor Level 3  
  163  12:13  Nexus, Colossus  
  163  12:18  Probe  
  163  12:19  Tempest  
  175  12:32  Pylon, Stalker x3  
  175  12:35  Pylon  
  179  12:55  Pylon  
  179  12:56  Tempest  
  184  13:01  Tempest  
  184  13:03  Adept x3  
  184  13:04  Adept x4  
  188  13:08  Colossus  
  189  13:13  Immortal  
  176  13:22  Stalker  
  176  13:26  Protoss Shields Level 1  
  180  13:28  Probe x2  
  180  13:34  Charge  
  178  13:39  Tempest  
  178  13:43  Adept x4  
  186  13:55  Assimilator  
  191  14:03  Assimilator  
  181  14:10  Stalker x6  
  175  14:26  Stalker x2  
  175  14:30  Probe  
  176  14:32  Tempest  
  176  14:37  Extended Thermal Lance  
  174  14:39  Oracle  
  174  14:42  Stalker  
  174  14:43  Stalker  
  169  14:55  Probe  
  170  15:04  Adept  
  170  15:05  Adept x5  
  170  15:06  Warp Prism  
  188  15:07  Immortal  
  188  15:14  Tempest  
  182  15:31  Stalker x6  
  182  15:34  Oracle  
  191  15:44  Stalker x2  
  191  15:46  Protoss Shields Level 2  
  184  15:54  Adept x4  
  184  15:55  Adept x2  
  186  16:06  Probe  
  186  16:07  Probe x2  
  187  16:22  Nexus  
  187  16:25  Probe  
  187  16:28  Dark Shrine  
  187  16:29  Sentry, Stalker x2  
  194  16:39  Stalker x2  
  195  16:55  Oracle  
  195  16:56  Oracle  
  196  17:08  Stalker x3  
  193  17:21  Stalker x4  
  193  17:22  Stalker  
  179  17:33  Stalker x2  
  179  17:37  Templar Archives  
  179  17:42  Sentry  
  176  17:54  Stalker x3  
  140  18:16  Adept  
  140  18:17  Adept x6, Disruptor  
  148  18:26  Disruptor  
  140  18:38  Zealot x8  
  102  19:03  Dark Templar, Zealot x4  
  102  19:04  Dark Templar, Zealot x2  
Tags
 
Add a new tag
Caveats
  • Supply blocks, unpowered buildings, or Contaminate may cause inaccurate times.
  • Supply counts are checked every 10 seconds.